 Dungeon Crawl Stone Soup version 0.31.0-12-g77e489cdc1 (webtiles) character file.

Game seed: 10837387355887328966

52 Janerl the Cudgeller (level 3, 0/34 HPs)
             Began as a Minotaur Berserker on Feb 23, 2024.
             Was a Believer of Trog.
             Slain by a gnoll
             ... wielding a +0 whip
              (9 damage)
             ... on level 2 of the Dungeon on Mar 2, 2024.
             The game lasted 00:03:47 (964 turns).

Janerl the Cudgeller (Minotaur Berserker)            Turns: 964, Time: 00:03:48

Health: 0/34       AC:  2    Str: 21    XL:     3   Next: 60%
Magic:  2/2        EV: 12    Int:  6    God:    Trog [**....]
Gold:   55         SH:  0    Dex:  9    Spells: 2/2 levels left

rFire   . . .        a - +0 mace
rCold   . . .        (no shield)
rNeg    . . .        b - +0 animal skin
rPois   .            (helmet restricted)
rElec   .            (no cloak)
rCorr   .            (no gloves)
SInv    .            (no boots)
Will    .....        (no amulet)
Stlth   +            (no ring)
HPRegen 0.25/turn    (no ring)
MPRegen 0.08/turn

%: no passive effects
@: no status effects
A: horns 2, retaliatory headbutt
a: Renounce Religion, Berserk, Trog's Hand


You were on level 2 of the Dungeon.
You worshipped Trog.
Trog was pleased with you.
You visited 1 branch of the dungeon, and saw 2 of its levels.

You collected 55 gold pieces.

Inventory:

Hand Weapons
 a - a +0 mace (weapon)
Armour
 b - a +0 animal skin (worn)
Jewellery
 k - a ring of flight
Scrolls
 c - a scroll of amnesia {unknown}
 d - a scroll of butterflies {unknown}
 e - a scroll of revelation {unknown}
 f - 2 scrolls of identify {unknown}
 g - a scroll of noise {unknown}
 i - a scroll of vulnerability {unknown}
Potions
 h - a potion of degeneration {unknown}
 j - a potion of enlightenment {unknown}


   Skills:
 + Level 4.5 Fighting
 + Level 4.5 Maces & Flails
 + Level 2.6 Armour
 + Level 2.5 Dodging


You had 2 spell levels left.
You didn't know any spells.
Your spell library was empty.

Dungeon Overview and Level Annotations

Branches:
Dungeon (2/15)

Altars:

Shops:
D:2 *


Innate Abilities, Weirdness & Mutations

You have a pair of horns on your head.
You reflexively headbutt those who attack you in melee.


Message History

You kill the jackal!
Trog accepts your kill.
You thump the adder!
The adder is almost dead.
The adder closely misses you. You furiously retaliate!
You headbutt the adder!
You kill the adder!
Trog accepts your kill.
You barely miss the endoplasm. The endoplasm freezes you.
You are frozen.
The endoplasm freezes you.
You are frozen.
You hit the endoplasm.
You kill the endoplasm!
Trog accepts your kill.
You hit the endoplasm but do no damage. The endoplasm hits you.
You completely miss the endoplasm. You headbutt the endoplasm.
The endoplasm is almost dead.
The endoplasm freezes you.
You are frozen.
You sock the endoplasm!
You kill the endoplasm!
Trog accepts your kill. The dart slug launches a dart at you.
The slug dart hits you.
You closely miss the gnoll. The gnoll barely misses you.
You hit the gnoll. Your headbutt misses the gnoll.
The gnoll is lightly wounded.
The gnoll hits you with a +0 whip.
You hit the gnoll.
The gnoll is moderately wounded.
The gnoll barely misses you. The gnoll completely misses you.
You barely miss the gnoll.
The gnoll is moderately wounded.
The gnoll hits you with a +0 whip!
* * * LOW HITPOINT WARNING * * *
You barely miss the gnoll. You headbutt the gnoll.
The gnoll is moderately wounded.
The gnoll hits you with a +0 whip!
You die...

##...##.# ...##..!.
......'.# ..#w..# #..∩..###
...g.# '†.....# #...#####
##...### #.w...... #.#'#
##..# ###.# ###### ###...#
#..## .......#####...#.#
###...###.#.##..@gw†.###.#
............######w..# .#
......###.#.###....♣......#
......###...##..##♣.♣#.....
.....)..##..##.## .♣ .....
........###.#..♣ ♣.( ....
...............♣ ♣♣.♣ ....
#.............♣.♣ .♣ ...
####.#......##♣:♣ .♣


You could see a gnoll and 2 dart slugs.

Vanquished Creatures
  An adder (D:2)
  A dart slug (D:2)
  3 bats
  4 endoplasms
  A giant cockroach (D:2)
  2 goblins
  A hobgoblin (D:1)
  3 jackals (D:2)
  3 quokkas
  6 ball pythons
  11 frilled lizards
  3 rats (D:1)
39 creatures vanquished.

Notes
Turn   | Place    | Note
-------+----------+-------------------------------------------
     0 | D:1      | Janerl the Minotaur Berserker began the quest for the Orb.
     0 | D:1      | Reached XP level 1. HP: 19/19 MP: 0/0
   318 | D:1      | Reached XP level 2. HP: 27/27 MP: 1/1
   852 | D:2      | Reached ** piety under Trog
   873 | D:2      | Found Xydim's Assorted Antiques.
   876 | D:2      | Reached XP level 3. HP: 33/33 MP: 2/2
   964 | D:2      | Slain by a gnoll

Illustrated notes

Levels and vault maps discovered:
D:1:      beargit_arrival_greenhouse, layout_basic, minmay_lizard_pond
D:2:      layout_rooms, shapermc_ecumenical_altar_totnotflames, basic_altar,
          serial_shops, nicolae_shop_rolling_square, minmay_circle_x,
          uniq_sigmund

Skill      XL: |  1  2 |
---------------+-------+-----
Fighting       | 4 |  4.5
Maces & Flails | 4 |  4.5
Armour         | |  2.6
Dodging        | |  2.5

Action                     || total
---------------------------++-------
  Melee: Mace              ||    65
         Headbutt          ||     8
 Armour: Animal skin       ||    33
  Dodge: Dodged            ||    53
